 Dungeon Crawl Stone Soup version 0.23.2-33-g5129a83184 (webtiles) character file.

Game seed: 7268091286202734375

180241 Spirit the Severer (level 17, -5/177 HPs)
             Began as a Minotaur Berserker on July 16, 2019.
             Was an Elder of Trog.
             Slain by a mana viper (15 damage)
             ... on level 4 of the Snake Pit on July 18, 2019.
             The game lasted 03:01:07 (26243 turns).

Spirit the Severer (Minotaur Berserker)            Turns: 26243, Time: 03:01:08

Health: -5/177     AC: 27    Str: 35 (36) XL:     17   Next: 63%
Magic:  16/16      EV: 22    Int:  4      God:    Trog [****..]
Gold:   2542       SH:  4    Dex: 10      Spells: 16/16 levels left

rFire    + . .     SeeInvis .   a - +6 executioner's axe (elec)
rCold    + . .     Gourm    .   (shield currently unavailable)
rNeg     . . .     Faith    .   I - +3 plate armour
rPois    .         Spirit   .   (helmet restricted)
rElec    .         Reflect  +   H - scarf {rC+ rF+}
rCorr    .         Harm     .   P - +1 pair of gloves
MR       +....                  C - +2 pair of boots {run}
Stlth    ..........             t - +4 amulet of reflection
HPRegen  0.39/turn              e - +4 ring of evasion
MPRegen  0.15/turn              J - +5 ring of strength

@: berserk cooldown, very slightly contaminated, slowed, invisible, very slow
A: retaliatory headbutt, horns 2, repulsion field 1, deterioration 1, robust 1,
strong 1
a: Berserk, Trog's Hand, Brothers in Arms, Renounce Religion


You were on level 4 of the Snake Pit.
You worshipped Trog.
Trog was greatly pleased with you.
You were hungry.

You visited 4 branches of the dungeon, and saw 27 of its levels.

You collected 2668 gold pieces.
You spent 126 gold pieces at shops.

Inventory:

Hand Weapons
 a - a +6 executioner's axe of electrocution (weapon)
 b - a +4 shortbow of flaming
 p - a +0 longbow of venom
 S - the +6 hand axe "Beetle's Regret" {vamp, rC+ Str+3 Int-3, unknown}
   (You found it on level 4 of the Snake Pit)

   It inflicts no extra harm, but heals its wielder when it wounds a living foe.
   It affects your strength (+3).
   It affects your intelligence (-3).
   It protects you from cold.
 U - a +4 battleaxe of draining
Missiles
 h - 767 arrows
Armour
 C - a +2 pair of boots of running (worn)
 H - a scarf of resistance (worn)
 I - a +3 plate armour (worn)
 P - a +1 pair of gloves (worn)
 X - a +2 pair of gloves
Jewellery
 e - a +4 ring of evasion (left hand)
 l - an uncursed ring of poison resistance
 n - an uncursed ring of resist corrosion
 q - an uncursed ring of protection from cold
 t - a +4 amulet of reflection (around neck)
 z - the ring of Medoach {Wiz -Tele rElec Str+4}
   (You found it on level 12 of the Dungeon)

   [ring of wizardry]

   It improves your spell success rate.
   It affects your strength (+4).
   It insulates you from electricity.
   It prevents most forms of teleportation.
 A - an uncursed ring of ice
 B - an uncursed amulet of regeneration
 E - a +3 ring of protection
 F - an uncursed amulet of harm
 G - a +1 ring of evasion
 J - a +5 ring of strength (right hand)
 L - an uncursed ring of flight
 M - an uncursed ring of resist corrosion
Wands
 d - a wand of paralysis (8)
 o - a wand of enslavement (14)
 x - a wand of acid (4)
 Q - a wand of iceblast (5)
 T - a wand of disintegration (16)
Scrolls
 g - 6 scrolls of magic mapping
 i - 12 scrolls of remove curse
 j - 18 scrolls of teleportation
 y - 5 scrolls of identify
 O - a scroll of acquirement
 Y - 2 scrolls of fog
 Z - 4 scrolls of fear
Potions
 f - 7 potions of brilliance
 s - 4 potions of curing
 u - 6 potions of flight
 w - 3 potions of lignification
 N - 2 potions of magic
 W - 4 potions of berserk rage
Miscellaneous
 m - a phantom mirror
Comestibles
 c - 43 rations


   Skills:
 + Level 17.1 Fighting
 + Level 19.4 Axes
 + Level 14.0 Bows
 + Level 16.5 Armour
 + Level 16.7 Dodging
   Level 2.7 Shields


You had 16 spell levels left.
You didn't know any spells.
Your spell library was empty.

Dungeon Overview and Level Annotations

Branches:
Dungeon (15/15)            Temple (0/1) D:4            Lair (6/6) D:9
 Shoals (0/4) Lair:2        Snake (4/4) Lair:4        Slime (0/5) Lair:6
    Orc (2/2) D:12            Elf (0/3) Orc:2        Vaults (0/5) D:13
 Depths (0/5) D:15

Altars:
Ashenzari
Dithmenos
Fedhas
Hepliaklqana
Kikubaaqudgha
Makhleb
Trog
Uskayaw
Yredelemnul
Zin
The Shining One

Shops:
D:15 *   Orc:2 !:%(   Snake:2 [   Snake:3 ((

Portals:
Pandemonium: Orc:2

Annotations:
Snake:1 exclusion: Roxanne, Roxanne


Innate Abilities, Weirdness & Mutations

You reflexively headbutt those who attack you in melee.
You have a pair of horns on your head.
You are surrounded by a mild repulsion field. (EV +2)
Your body sometimes deteriorates upon taking damage.
You are robust. (+10% HP)
Your muscles are strong. (Str +2)


Message History

You are too berserk!
You feel a strong urge to attack something.
A mana viper comes into view.
You feel sick.
The mana viper hisses angrily.
You hear an angry hiss.
You feel your anger nearly subside.
You are no longer berserk.
You are exhausted.
You feel yourself slow down.
It was a potion of invisibility.
You fade into invisibility!
You feel sick. The mana viper completely misses you. You furiously retaliate!
You headbutt the mana viper! The mana viper barely misses you.
You furiously retaliate!
You headbutt the mana viper.
You are very lightly contaminated with residual magic.
You feel better. The mana viper misses you.
The mana viper bites you but does no damage.
Your ogre goes berserk!
You are feeling hungry.
The mana viper bites you!
You die...

#.###.... # #.
#......... . #.### #
#.....#... . ####...#
#.##).S..##... .
.......# #.#./....# ..
. .....####.....####
.. . ........###...#
.# . #....#....## ## .
# #.O.@#....## #.. #
##...S.....# #.#####
###.#.#..#### #.#<...
#.......########.#(...
#....#........##.#.().
#.........###.##.##((.
#########........#...(
##....#.......
##.(.....#.##


You could see a mana viper and a friendly ogre (berserk).

Vanquished Creatures
  Vashnia (Snake:2)
  Rupert (D:12)
  8 nagarajas
  Aizul (Snake:2)
  Azrael (Snake:3)
  A dire elephant (D:15)
  A yaktaur captain (D:13)
  5 hydras
  A centaur warrior (D:13)
  23 naga warriors
  13 two-headed ogres
  4 catoblepae (Lair:6)
  7 anacondas
  A death knight (D:15)
  2 tengu warriors (D:14)
  3 orc high priests (Orc:2)
  10 death yaks (Lair:6)
  10 naga sharpshooters
  9 shock serpents
  3 salamander mystics
  Sonja (Lair:6)
  5 skeletal warriors (D:15)
  3 slime creatures (D:13)
  An infernal demonspawn (Orc:2)
  3 sea snakes
  A wizard (D:15)
  7 naga ritualists
  2 gelid demonspawn (Orc:2)
  2 orc knights (Orc:2)
  13 mana vipers
  7 orc sorcerers
  A lindwurm (Lair:6)
  9 cyclopes
  2 deep elf magi
  13 ugly things
  6 manticores
  13 salamanders
  A merfolk siren (Lair:2)
  4 elephants
  32 black mambas
  17 naga magi
  7 guardian serpents
  A smoke demon (Orc:2)
  10 spiny frogs
  2 yaktaurs (D:13)
  A rime drake (Lair:5)
  5 komodo dragons
  3 trolls
  A queen bee (D:10)
  A polar bear (Lair:3)
  A tengu conjurer (D:14)
  Grinder (D:3)
  2 hornets
  11 blink frogs
  A meliai zombie (D:15)
  A centaur simulacrum (D:15)
  7 wraiths
  7 hippogriffs
  2 fire elementals (Snake:3)
  A human (D:8)
  3 shadows
  A ynoxinul (Orc:2)
  A vampire (D:12)
  3 basilisks
  8 wyverns
  34 yaks
  3 hogs (D:8)
  2 chaos spawn (Orc:2)
  A steam dragon (D:15)
  A hungry ghost (D:12)
  15 vampire mosquitoes
  A warg (Orc:1)
  Duvessa (D:7)
  72 nagas
  2 hell hounds (Snake:3)
  7 water moccasins
  7 porcupines
  22 orc warriors
  6 sky beasts
  4 necrophages
  17 ogres
  4 phantoms
  39 wolves
  9 centaurs
  14 crocodiles
  A big kobold (D:11)
  A big kobold (shapeshifter) (D:13)
  16 bullfrogs
  A gnoll sergeant (D:11)
  Dowan (D:7)
  A wyvern skeleton (D:11)
  A hornet simulacrum (D:15)
  3 scorpions
  2 troll zombies (D:9)
  23 killer bees
  2 electric eels
  10 wights
  2 howler monkeys (D:8)
  2 crimson imps
  2 bullfrog zombies
  A wyvern simulacrum (D:14)
  3 human zombies (D:9)
  4 hounds
  2 jellies (Lair:6)
  2 centaur skeletons
  5 centaur zombies
  2 bullfrog skeletons
  14 orc priests
  A gnoll shaman (D:7)
  16 orc wizards
  Crazy Yiuf (D:3)
  A human skeleton (D:9)
  4 iguanas
  5 hell rats (Lair:3)
  14 worker ants
  Natasha (thrice) (D:3)
  An ogre skeleton (D:9)
  A hound skeleton (D:8)
  A worker ant zombie (D:8)
  10 gnolls
  A howler monkey skeleton (D:6)
  9 adders
  2 shadow imps
  2 oozes
  An adder skeleton (D:5)
  2 adder zombies
  4 worms
  4 dart slugs
  7 leopard geckos
  65 orcs
  A ball python (D:2)
  4 giant cockroaches
  13 hobgoblins
  5 jackals
  4 quokkas
  12 bats
  4 frilled lizards
  7 goblins
  20 kobolds
  2 leopard gecko skeletons (D:8)
  2 leopard gecko zombies
  17 rats
  2 fungi
  6 plants
945 creatures vanquished.

Vanquished Creatures (collateral kills)
  A frost giant (D:12)
  An orc high priest (Orc:2)
  4 naga sharpshooters
  A salamander mystic (Snake:3)
  A mana viper (Snake:1)
  2 orc knights (Orc:2)
  An ugly thing (D:11)
  An orc sorcerer (Orc:2)
  An elephant (D:9)
  A naga mage (Snake:4)
  A yak (D:8)
  A vampire mosquito (D:15)
  A naga (Snake:3)
  2 orc warriors (Orc:2)
  A crocodile (D:9)
  A big kobold (D:8)
  A bullfrog (D:10)
  A wight (D:9)
  An orc priest (D:8)
  2 gnolls (D:8)
  2 adders
  A shadow imp (D:8)
  A worm (D:8)
  A leopard gecko (D:8)
  3 orcs (D:8)
  A kobold (D:8)
35 creatures vanquished.

Vanquished Creatures (others)
  A naga (Snake:4)
  A water moccasin (Lair:6)
  An orc wizard (D:8)
  An orc (D:8)
  12 fungi
  24 plants
40 creatures vanquished.

Grand Total: 1020 creatures vanquished

Notes
Turn   | Place    | Note
-------+----------+-------------------------------------------
     0 | D:1      | Spirit the Minotaur Berserker began the quest for the Orb.
     0 | D:1      | Reached XP level 1. HP: 19/19 MP: 0/0
   468 | D:1      | Reached skill level 4 in Axes
   468 | D:1      | Reached XP level 2. HP: 21/27 MP: 1/1
   787 | D:1      | Reached ** piety under Trog
   852 | D:1      | Reached XP level 3. HP: 31/33 MP: 2/2
  1123 | D:2      | Reached XP level 4. HP: 36/41 MP: 3/3
  1394 | D:2      | Found a burning altar of Makhleb.
  1394 | D:2      | Found a hide-covered altar of Uskayaw.
  1416 | D:2      | Reached *** piety under Trog
  1555 | D:2      | Reached skill level 5 in Axes
  1596 | D:2      | Found a shadowy altar of Dithmenos.
  1904 | D:3      | Reached XP level 5. HP: 44/47 MP: 4/4
  1909 | D:3      | Noticed Grinder
  1913 | D:3      | Paralysed by Grinder for 3 turns
  1932 | D:3      | Killed Grinder
  1932 | D:3      | Reached skill level 5 in Fighting
  1932 | D:3      | Reached skill level 6 in Axes
  1932 | D:3      | Reached XP level 6. HP: 53/56 MP: 5/5
  2012 | D:3      | Found a blossoming altar of Fedhas.
  2013 | D:3      | Found a hazy altar of Hepliaklqana.
  2135 | D:3      | Noticed Natasha
  2142 | D:3      | Killed Natasha
  2154 | D:3      | Reached **** piety under Trog
  2346 | D:3      | Noticed Natasha
  2352 | D:3      | Killed Natasha
  2359 | D:3      | Noticed Natasha
  2366 | D:3      | Killed Natasha
  2543 | D:3      | Found a runed translucent door.
  2544 | D:3      | Noticed Crazy Yiuf
  2550 | D:3      | Killed Crazy Yiuf
  2550 | D:3      | Reached XP level 7. HP: 61/61 MP: 6/6
  2628 | D:4      | Received a gift from Trog
  2845 | D:4      | Reached skill level 7 in Axes
  3237 | D:4      | Found a staircase to the Ecumenical Temple.
  3347 | D:5      | Entered Level 5 of the Dungeon
  3347 | D:5      | Found a glowing silver altar of Zin.
  3428 | D:5      | Reached skill level 5 in Armour
  3674 | D:5      | Reached skill level 1 in Bows
  3779 | D:5      | Reached skill level 8 in Axes
  3779 | D:5      | Reached XP level 8. HP: 26/70 MP: 7/7
  4639 | D:6      | Reached skill level 9 in Axes
  4658 | D:6      | Found an ancient bone altar of Kikubaaqudgha.
  4696 | D:6      | You fall through a shaft!
  4888 | D:7      | Reached skill level 5 in Dodging
  4993 | D:7      | Reached XP level 9. HP: 76/79 MP: 8/8
  4994 | D:7      | Reached skill level 10 in Axes
  5012 | D:7      | Noticed Duvessa
  5012 | D:7      | Noticed Dowan
  5021 | D:7      | Killed Duvessa
  5029 | D:7      | Killed Dowan
  5124 | D:7      | Received a gift from Trog
  5344 | D:8      | Reached skill level 11 in Axes
  5357 | D:8      | Received a gift from Trog
  5360 | D:8      | Reached ***** piety under Trog
  5382 | D:8      | Reached skill level 12 in Axes
  5411 | D:8      | Reached XP level 10. HP: 64/91 MP: 9/9
  5477 | D:8      | Found a basalt altar of Yredelemnul.
  5479 | D:8      | Found a glowing golden altar of the Shining One.
  5481 | D:8      | Noticed an angel
  5490 | D:8      | Noticed a profane servitor
  5656 | D:8      | Identified a +2 pair of boots of running (You found it on
                  | level 7 of the Dungeon)
  5685 | D:8      | Noticed a moth of wrath
  5688 | D:8      | Found a bloodstained altar of Trog.
  5858 | D:9      | Found a staircase to the Lair.
  5871 | D:9      | Noticed an elephant
  5879 | D:9      | Reached skill level 1 in Shields
  5881 | D:9      | Killed an elephant
  5881 | D:9      | Reached skill level 13 in Axes
  5888 | D:9      | Received a gift from Trog
  6076 | D:9      | Got a brightly glowing ring mail
  6378 | D:9      | Found an ancient bone altar of Kikubaaqudgha.
  6643 | D:10     | Entered Level 10 of the Dungeon
  6665 | D:10     | Reached skill level 14 in Axes
  6895 | D:10     | Reached XP level 11. HP: 65/99 MP: 10/10
  7149 | D:10     | Reached skill level 10 in Fighting
  7403 | D:11     | Received a gift from Trog
  7848 | D:11     | Found a shattered altar of Ashenzari.
  7848 | D:11     | Noticed a white ugly thing
  7877 | D:11     | Noticed a white ugly thing
  7891 | D:11     | Killed a cyan ugly thing
  7892 | D:11     | Killed a white ugly thing
  8292 | D:11     | Noticed a brown ugly thing
  8313 | D:11     | Killed a brown ugly thing
  8490 | Lair:1   | Entered Level 1 of the Lair of Beasts
  8526 | Lair:1   | Reached skill level 5 in Bows
  8687 | Lair:1   | Reached skill level 10 in Armour
  8705 | Lair:1   | You fall through a shaft!
  8735 | Lair:2   | Reached skill level 15 in Axes
  8889 | Lair:1   | Reached XP level 12. HP: 101/110 MP: 11/11
  9362 | Lair:2   | Found a staircase to the Shoals.
  9819 | Lair:3   | Received a gift from Trog
 10611 | Lair:4   | Noticed an eight-headed hydra
 10623 | Lair:4   | Killed an eight-headed hydra
 10661 | Lair:4   | Found a staircase to the Snake Pit.
 11282 | Lair:5   | Noticed a six-headed hydra
 11295 | Lair:5   | Killed a six-headed hydra
 11687 | Lair:5   | Noticed a six-headed hydra
 11694 | Lair:5   | Killed a six-headed hydra
 11694 | Lair:5   | Reached XP level 13. HP: 101/118 MP: 12/12
 11871 | Lair:5   | Received a gift from Trog
 11986 | Lair:6   | Entered Level 6 of the Lair of Beasts
 12039 | Lair:6   | Reached skill level 16 in Axes
 12830 | Lair:6   | Reached skill level 10 in Dodging
 13061 | Lair:6   | Received a gift from Trog
 13234 | Lair:6   | Found a staircase to the Slime Pits.
 13278 | Lair:6   | Noticed Sonja
 13411 | Lair:6   | Killed Sonja
 13462 | Lair:6   | Received a gift from Trog
 13651 | Lair:6   | Reached XP level 14. HP: 104/129 MP: 13/13
 13947 | Lair:6   | Identified a scroll of acquirement
 14289 | D:12     | Found a staircase to the Orcish Mines.
 14420 | D:12     | Noticed Rupert
 14432 | D:12     | Killed Rupert
 14554 | D:12     | Noticed a frost giant
 14565 | D:12     | Killed a frost giant
 14584 | D:12     | Reached skill level 10 in Bows
 14779 | D:12     | Got a translucent marble ring
 14785 | D:12     | Identified the ring of Medoach {Wiz -Tele rElec Str+4} (You
                  | found it on level 12 of the Dungeon)
 14858 | D:12     | Reached skill level 17 in Axes
 14883 | D:12     | Received a gift from Trog
 15373 | Orc:1    | Entered Level 1 of the Orcish Mines
 15743 | Orc:2    | Entered Level 2 of the Orcish Mines
 15743 | Orc:2    | Found a staircase to the Elven Halls.
 15906 | Orc:2    | Found Offoxtent's Food Shop.
 15912 | Orc:2    | Found Igawkoky's Distillery.
 16239 | Orc:2    | Bought a potion of curing for 42 gold pieces
 16239 | Orc:2    | Bought a potion of curing for 42 gold pieces
 16239 | Orc:2    | Bought a potion of curing for 42 gold pieces
 16971 | Orc:2    | Found Futs's Antique Weapon Shoppe.
 16971 | Orc:2    | Found Xidacia's Book Emporium.
 16971 | Orc:2    | Found a one-way gate leading to the halls of Pandemonium.
 17279 | D:13     | Received a gift from Trog
 17356 | D:13     | Reached XP level 15. HP: 127/139 MP: 14/14
 17430 | D:13     | Found a gate to the Vaults.
 18384 | D:15     | Entered Level 15 of the Dungeon
 18476 | D:15     | Found Leyzyps's General Store.
 18738 | D:15     | Reached skill level 15 in Fighting
 18783 | D:15     | Received a gift from Trog
 19299 | D:15     | Reached skill level 18 in Axes
 19343 | D:15     | Found a staircase to the Depths.
 19636 | Snake:1  | Entered Level 1 of the Snake Pit
 20053 | Lair:4   | Gained mutation: You are surrounded by a mild repulsion
                  | field. (EV +2) [potion of mutation]
 20053 | Lair:4   | Gained mutation: You are robust. (+10% HP) [potion of
                  | mutation]
 20053 | Lair:4   | Gained mutation: Your body sometimes deteriorates upon
                  | taking damage. [potion of mutation]
 20053 | Lair:4   | Gained mutation: Your muscles are strong. (Str +2) [potion
                  | of mutation]
 21092 | Snake:1  | Identified Roxanne's Papyrus of Stones
 21092 | Snake:1  | Noticed Roxanne
 21231 | Snake:2  | Found Gaejose's Armour Emporium.
 21275 | Snake:2  | Reached XP level 16. HP: 88/163 MP: 15/15
 21726 | Snake:2  | Noticed Vashnia
 21734 | Snake:2  | Received a gift from Trog
 21734 | Snake:2  | Reached skill level 15 in Armour
 21760 | Snake:2  | Killed Vashnia
 22092 | Snake:2  | Reached skill level 15 in Dodging
 22272 | Snake:2  | Noticed Aizul
 22287 | Snake:2  | Killed Aizul
 22289 | Snake:2  | Received a gift from Trog
 23965 | Snake:3  | Received a gift from Trog
 24182 | Snake:3  | Found Wusouw's Weapon Emporium.
 24243 | Snake:3  | Found Qaolib's Antique Weapon Boutique.
 24366 | Snake:3  | Noticed Azrael
 24373 | Snake:3  | Killed Azrael
 24375 | Snake:3  | Reached XP level 17. HP: 143/174 MP: 16/16
 24380 | Snake:3  | Reached skill level 19 in Axes
 24835 | Snake:4  | Entered Level 4 of the Snake Pit
 24858 | Snake:4  | Received a gift from Trog
 25192 | Snake:4  | Got a twisted hand axe
 26224 | Snake:4  | Received a gift from Trog
 26231 | Snake:4  | HP: 1/177 [nagaraja/+0 spear (12)]
 26238 | Snake:4  | HP: 3/265 [poisoned by a nagaraja (splash of poison)]
 26243 | Snake:4  | Slain by a mana viper

Skill      XL: |  1  2  3  4  5  6  7  8  9 10 11 12 13 14 15 16 17 |
---------------+----------------------------------------------------+-----
Axes           | 4 5 6 8 9 12 14 15 16 17 18 19 | 19.4
Fighting       | 4 5 6 7 9 11 12 13 14 15 16 17 | 17.1
Dodging        | 3 4 5 7 8 10 12 14 16 | 16.7
Armour         | 3 4 5 6 8 10 11 12 13 14 15 16 | 16.5
Bows           | 1 3 5 7 9 10 12 13 14 | 14.0
Shields        | 2 |  2.7

Action                   |  1- 3 |  4- 6 |  7- 9 | 10-12 | 13-15 | 16-18 || total
-------------------------+-------+-------+-------+-------+-------+-------++-------
Melee: Hand axe          |   103 |   117 |       |       |       |       ||   220
       Headbutt          |    14 |    18 |    34 |   169 |   258 |    88 ||   581
       War axe           |       |     3 |   199 |   649 |   171 |       ||  1022
       Battleaxe         |       |       |       |       |   655 |       ||   655
       Executioner's axe |       |       |       |       |    63 |   379 ||   442
 Fire: Shortbow          |       |       |     8 |    35 |     5 |   192 ||   240
Invok: Trog's Hand       |       |     1 |     2 |     6 |    18 |    13 ||    40
       Berserk           |       |       |     3 |     5 |     9 |     6 ||    23
       Brothers in Arms  |       |       |     2 |     3 |    10 |     4 ||    19
Evoke: Box of beasts     |       |       |       |     1 |       |       ||     1
  Use: Scroll            |     5 |     4 |     7 |    11 |    21 |     3 ||    51
       Potion            |       |     7 |     3 |     6 |    11 |    13 ||    40
 Stab: Petrified         |       |       |       |       |     7 |       ||     7
       Distracted        |       |       |       |       |     2 |       ||     2
  Eat: Chunk             |     1 |     5 |    11 |    29 |    35 |       ||    81
       Ration            |       |       |       |       |     4 |     8 ||    12
Armor: Animal skin       |    20 |       |       |       |       |       ||    20
       Scale mail        |     8 |    13 |       |       |       |       ||    21
       Ring mail         |       |    24 |    16 |       |       |       ||    40
       Plate armour      |       |       |    81 |   279 |   361 |   204 ||   925
       Skin              |       |       |       |       |       |    43 ||    43
Dodge: Dodged            |    73 |   125 |   156 |   440 |   592 |   455 ||  1841
Block: Other             |       |     2 |    34 |    85 |   131 |    93 ||   345
       Reflection        |       |       |       |     2 |     2 |     9 ||    13
